 Dungeon Crawl Stone Soup version 0.31-a0-1620-gcbf77bbcfc (console) character file.

Game seed: 6769996585749449739

1089 jejorda2 the Chopper (level 8, -3/67 HPs)
             Began as a Gnoll Berserker on Jan 11, 2024.
             Was a Believer of Trog.
             Slain by a gnoll bouda
             ... wielding a +0 club
              (6 damage)
             ... on level 5 of the Dungeon.
             The game lasted 00:06:08 (3478 turns).

jejorda2 the Chopper (Gnoll Berserker)              Turns: 3478, Time: 00:06:10

Health: -3/67      AC: 12    Str: 19    XL:     8   Next: 30%
Magic:  12/12      EV: 11    Int:  6    God:    Trog [**....]
Gold:   309        SH:  4    Dex: 12    Spells: 13/13 levels left

rFire   + . .        a - +0 hand axe
rCold   + . .        e - +0 buckler
rNeg    + . .        g - +0 scale mail
rPois   +            (no helmet)
rElec   .            b - scarf {rC+ rF+}
rCorr   .            (no gloves)
SInv    .            h - +0 pair of boots
Will    ++...        (no amulet)
Stlth   +            y - +4 ring of protection
HPRegen 1.31/turn    r - ring "Zagg" {rPois rN+}
MPRegen 0.13/turn

%: no passive effects
@: weakened, strong-willed (expiring), on berserk cooldown, regenerating
(expiring), slowed, very slow
A: fangs 1, strong nose, distributed training
a: Renounce Religion, Berserk, Trog's Hand


You were on level 5 of the Dungeon.
You worshipped Trog.
Trog was pleased with you.
You visited 1 branch of the dungeon, and saw 5 of its levels.

You collected 309 gold pieces.

Inventory:

Hand Weapons
 a - a +0 hand axe (weapon)
 m - a +0 flail
Missiles
 s - 19 poisoned darts (quivered)
Armour
 b - a scarf of resistance (worn)
 e - a +0 buckler (worn)
 g - a +0 scale mail (worn)
 h - a +0 pair of boots (worn)
Jewellery
 d - a ring of see invisible
 r - the ring "Zagg" (right hand) {rPois rN+}
   (You found it on level 2 of the Dungeon)

   [ring of poison resistance]

   rPois:     It protects you from poison rN+: It protects you from negative
   energy.
 y - a +4 ring of protection (left hand)
Wands
 o - a wand of light (12)
 w - a wand of iceblast (8)
 A - a wand of paralysis (9)
Scrolls
 c - 2 scrolls of immolation {unknown}
 i - a scroll of noise {unknown}
 j - 2 scrolls of butterflies {unknown}
 k - 3 scrolls of poison {unknown}
 l - 3 scrolls of amnesia {unknown}
 t - a scroll of revelation {unknown}
 v - a scroll of enchant armour {unknown}
 x - a scroll of fog {unknown}
 z - a scroll of teleportation {unknown}
Potions
 f - a potion of curing
 n - 2 potions of enlightenment {unknown}
 p - a potion of ambrosia {unknown}
 q - a potion of berserk rage {unknown}
 u - a potion of mutation {unknown}
 B - a potion of heal wounds {unknown}


   Skills:
 + Level 7.4 Fighting
 + Level 3.2 Short Blades
 + Level 3.2 Long Blades
 + Level 7.4 Axes
 + Level 3.2 Maces & Flails
 + Level 3.2 Polearms
 + Level 3.2 Staves
 + Level 3.2 Ranged Weapons
 + Level 3.2 Throwing
 + Level 5.7 Armour
 + Level 5.7 Dodging
 + Level 3.2 Stealth
 + Level 3.2 Shields
 + Level 3.2 Unarmed Combat
 + Level 3.2 Spellcasting
 + Level 2.6 Conjurations
 + Level 2.6 Hexes
 + Level 2.6 Summonings
 + Level 2.6 Necromancy
 + Level 2.6 Translocations
 + Level 2.6 Fire Magic
 + Level 2.6 Ice Magic
 + Level 2.6 Air Magic
 + Level 2.6 Earth Magic
 + Level 2.6 Alchemy
 + Level 3.6 Invocations
 + Level 3.2 Evocations
 + Level 3.0 Shapeshifting


You had 13 spell levels left.
You didn't know any spells.
Your spell library was empty.

Dungeon Overview and Level Annotations

Branches:
Dungeon (5/15)
 Temple: D:4-7

Altars:
Cheibriados
Fedhas
Gozag
Nemelex Xobeh
Qazlal
Trog
Wu Jian
Xom


Innate Abilities, Weirdness & Mutations

You have very sharp teeth.
Your uncanny sense of smell can sniff out nearby items.
Your experience applies equally to all skills.


Message History

You are no longer berserk.
You are exhausted.
You feel yourself slow down.
The gnoll sergeant hits you but does no damage.
The gnoll hits you with a +0 spear.
You hit the gnoll but do no damage. You bite the gnoll.
The gnoll is severely wounded.
You barely miss the gnoll sergeant. You barely miss the gnoll bouda.
The gnoll bouda barely misses you.
The gnoll sergeant hits you with a +1 vampiric demon trident.
The gnoll hits you but does no damage. You block the gnoll bouda's attack.
The gnoll sergeant closely misses you.
Your skin crawls.
You feel strong-willed. The gnoll completely misses you.
The gnoll bouda hits you with a +0 club.
* * * LOW HITPOINT WARNING * * *
The gnoll sergeant hits you with a +1 vampiric demon trident.
* * * LOW HITPOINT WARNING * * *
The gnoll sergeant draws strength from your wounds!
You block the gnoll's attack.
You barely miss the gnoll.
The gnoll is severely wounded.
You hit the gnoll bouda but do no damage.
You hit the gnoll sergeant.
The gnoll bouda gazes fiercely through you!
You feel your attacks grow feeble.
The gnoll bouda hits you with a +0 club!
* * * LOW HITPOINT WARNING * * *
The gnoll sergeant barely misses you. You block the gnoll's attack.
The gnoll bouda gazes fiercely through you!
You feel as though you will be weak longer.
You block the gnoll bouda's attack.
It was a potion of curing.
You feel better.
You feel the effects of Trog's Hand fading.
The gnoll sergeant hits you with a +1 vampiric demon trident!
* * * LOW HITPOINT WARNING * * *
You block the gnoll's attack.
The gnoll bouda hits you with a +0 club.
You die...

.##. # ######... .
#. #....#..# .. .
#..#....#..##....
..#''#....#........
.............##...
⌠.......)(...#..#
......g@.†..#...#
..#''#.gg)#.#..# #
∆#....#....##...
∆∆#....#)........
######.##.......
#######.)# ##......
........## .......
####..##..##.......
...................


You could see a gnoll sergeant (swift), a gnoll bouda and a gnoll (swift).

Vanquished Creatures
  Grinder (D:3)
  Sigmund (D:3)
  An ogre (D:4)
  A phantom (D:4)
  A scorpion (D:4)
  3 jellies
  2 hounds (D:5)
  3 iguanas
  Ijyb (D:3)
  3 orc wizards
  4 adders
  7 gnolls (D:5)
  10 orcs
  8 endoplasms
  4 giant cockroaches
  4 goblins
  6 hobgoblins
  3 jackals (D:5)
  3 quokkas (D:3)
  5 ball pythons
  7 bats
  4 frilled lizards (D:2)
  12 kobolds
  11 rats
105 creatures vanquished.

Notes
Turn   | Place    | Note
-------+----------+-------------------------------------------
     0 | D:1      | jejorda2 the Gnoll Berserker began the quest for the Orb.
     0 | D:1      | Reached XP level 1. HP: 23/23 MP: 1/1
   198 | D:1      | Reached XP level 2. HP: 29/29 MP: 2/2
   560 | D:2      | Found a faded altar of an unknown god.
   594 | D:2      | Reached XP level 3. HP: 25/35 MP: 2/4
   667 | D:2      | Reached skill level 1 in Invocations
   732 | D:2      | Reached ** piety under Trog
   733 | D:2      | Reached skill level 1 in Short Blades
   733 | D:2      | Reached skill level 1 in Long Blades
   733 | D:2      | Reached skill level 1 in Maces & Flails
   733 | D:2      | Reached skill level 1 in Polearms
   733 | D:2      | Reached skill level 1 in Staves
   733 | D:2      | Reached skill level 1 in Ranged Weapons
   733 | D:2      | Reached skill level 1 in Throwing
   733 | D:2      | Reached skill level 1 in Stealth
   733 | D:2      | Reached skill level 1 in Shields
   733 | D:2      | Reached skill level 1 in Unarmed Combat
   733 | D:2      | Reached skill level 1 in Spellcasting
   733 | D:2      | Reached skill level 1 in Evocations
  1035 | D:2      | Identified the ring "Zagg" {rPois rN+}
  1108 | D:2      | Reached skill level 1 in Shapeshifting
  1108 | D:2      | Reached XP level 4. HP: 41/41 MP: 5/5
  1332 | D:3      | Noticed Sigmund
  1345 | D:3      | Killed Sigmund
  1346 | D:3      | Reached skill level 1 in Conjurations
  1346 | D:3      | Reached skill level 1 in Hexes
  1346 | D:3      | Reached skill level 1 in Summonings
  1346 | D:3      | Reached skill level 1 in Necromancy
  1346 | D:3      | Reached skill level 1 in Translocations
  1346 | D:3      | Reached skill level 1 in Fire Magic
  1346 | D:3      | Reached skill level 1 in Ice Magic
  1346 | D:3      | Reached skill level 1 in Air Magic
  1346 | D:3      | Reached skill level 1 in Earth Magic
  1346 | D:3      | Reached skill level 1 in Alchemy
  1346 | D:3      | Reached XP level 5. HP: 47/47 MP: 5/7
  1400 | D:3      | Reached XP level 6. HP: 53/53 MP: 8/8
  1485 | D:3      | Reached skill level 5 in Armour
  1485 | D:3      | Reached skill level 5 in Dodging
  1652 | D:3      | Noticed Ijyb
  1679 | D:3      | Killed Ijyb
  1980 | D:3      | Noticed Grinder
  2000 | D:3      | Killed Grinder
  2001 | D:3      | Reached XP level 7. HP: 22/60 MP: 10/10
  2353 | D:4      | Found a bloodstained altar of Trog.
  2353 | D:4      | Found an ornate altar of the Wu Jian Council.
  2354 | D:4      | Found a sparkling altar of Nemelex Xobeh.
  2824 | D:4      | Reached XP level 8. HP: 65/67 MP: 12/12
  2895 | D:4      | Found a blossoming altar of Fedhas.
  3223 | D:4      | Found a blossoming altar of Fedhas.
  3223 | D:4      | Found an ornate altar of the Wu Jian Council.
  3223 | D:4      | Found an opulent altar of Gozag.
  3223 | D:4      | Found a shimmering altar of Xom.
  3223 | D:4      | Found a stormy altar of Qazlal.
  3223 | D:4      | Found a snail-covered altar of Cheibriados.
  3387 | D:5      | Entered Level 5 of the Dungeon
  3478 | D:5      | HP: 3/67 [gnoll sergeant/+1 vampiric demon trident (13)]
  3478 | D:5      | Slain by a gnoll bouda

Illustrated notes

Levels and vault maps discovered:
D:1:      dpeg_arrival_tiny_d, layout_loops_ring
D:2:      layout_loops_ring, basic_ecumenical_altar
D:3:      layout_basic, minmay_gold_behind_fungi, corner_web_ring, uniq_grinder,
          uniq_sigmund, uniq_ijyb
D:4:      cheibrodos_fertilizer, layout_basic,
          nicolae_overflow_quartered_altars, minmay_surrounded
D:5:      layout_cave_pools, nicolae_uskayaw_suspiria, lemuel_round_altar,
          serial_gnoll_camp, gnoll_camp_mini_loothouse, gnoll_camp_mini_hut,
          gnoll_camp_mini_house, gnoll_camp_medium_02, gammafunk_ghost_arena,
          uniq_crazy_yiuf_cottage

Skill      XL: |  1  2  3  4  5  6  7  8 |
---------------+-------------------------+-----
Invocations    | 1 2 3 |  3.6
Short Blades   | 1 2 3 |  3.2
Long Blades    | 1 2 3 |  3.2
Maces & Flails | 1 2 3 |  3.2
Polearms       | 1 2 3 |  3.2
Staves         | 1 2 3 |  3.2
Ranged Weapons | 1 2 3 |  3.2
Throwing       | 1 2 3 |  3.2
Stealth        | 1 2 3 |  3.2
Shields        | 1 2 3 |  3.2
Unarmed Combat | 1 2 3 |  3.2
Spellcasting   | 1 2 3 |  3.2
Evocations     | 1 2 3 |  3.2
Shapeshifting  | 1 2 3 |  3.0
Conjurations   | 1 2 |  2.6
Hexes          | 1 2 |  2.6
Summonings     | 1 2 |  2.6
Necromancy     | 1 2 |  2.6
Translocations | 1 2 |  2.6
Fire Magic     | 1 2 |  2.6
Ice Magic      | 1 2 |  2.6
Air Magic      | 1 2 |  2.6
Earth Magic    | 1 2 |  2.6
Alchemy        | 1 2 |  2.6
Armour         | 5 |  5.7
Dodging        | 5 |  5.7
Fighting       | 7 |  7.4
Axes           | 7 |  7.4

Action                     |  1- 3 |  4- 6 |  7- 9 || total
---------------------------+-------+-------+-------++-------
  Melee: Hand axe          |   100 |   128 |   207 ||   435
         Bite              |     5 |    15 |    30 ||    50
  Throw: Dart              |       |       |     2 ||     2
 Invoke: Trog's Hand       |       |     2 |     2 ||     4
         Berserk           |       |     2 |     3 ||     5
    Use: Potion            |       |       |     1 ||     1
   Stab: Sleeping          |       |       |     1 ||     1
 Armour: Scale mail        |    46 |    63 |   135 ||   244
         Animal skin       |     1 |       |       ||     1
  Dodge: Dodged            |    38 |    58 |    78 ||   174
  Block: Buckler           |    15 |    14 |    35 ||    64

Table legend: (Time is in decaauts)
 A = Elapsed time spent in this place.
 B = Non-inter-level travel time spent in this place.
 C = Inter-level travel time spent in this place.
 D = Time resting spent in this place.
 E = Time spent auto-exploring this place.
 F = Levels seen in this place.
 G = Mean time per level.
                   A        B        C        D        E       F      G
               +--------+--------+--------+--------+--------+-----+--------+
         Total |   3512 |   3433 |     79 |     93 |   2549 |   5 |  702.4 |
       Dungeon |   3512 |   3433 |     79 |     93 |   2549 |   5 |  702.4 |
               +--------+--------+--------+--------+--------+-----+--------+

Top non-repeatable levels by time:
     D:4: 1201 daAuts
     D:3: 989 daAuts
     D:2: 674 daAuts
     D:1: 561 daAuts
     D:5: 86 daAuts
